 Seeded DCSS version 0.31-a0-557-g6e16503903 (webtiles) character file.

Game seed: 16161720884980326079 (custom seed)

142 innerfire43 the Trooper (level 5, -4/42 HPs)
             Began as a Demonspawn Monk on Aug 16, 2023.
             Slain by Crazy Yiuf
             ... wielding a +2 quarterstaff of chaos
              (11 damage)
             ... on level 2 of the Dungeon.
             The game lasted 00:02:39 (1349 turns).

innerfire43 the Trooper (Demonspawn Monk)           Turns: 1349, Time: 00:02:39

Health: -4/42      AC:  3    Str: 14    XL:     5   Next: 3%
Magic:  5/5        EV: 13    Int: 11    God:
Gold:   71         SH:  0    Dex: 15    Spells: 4/4 levels left

rFire   + . .        k - +4 club (heavy)
rCold   + . .        d - orb {light}
rNeg    . . .        b - +0 robe
rPois   +            (helmet restricted)
rElec   +            (no cloak)
rCorr   +            (no gloves)
SInv    .            (no boots)
Will    .....        i - amulet of faith
Stlth   +            (no ring)
HPRegen 0.27/turn    (no ring)
MPRegen 0.09/turn

%: faith
@: resistant, glowing
A: antennae 1, spiny 1, sharp scales 1
a: no special abilities


You were on level 2 of the Dungeon.
You visited 1 branch of the dungeon, and saw 2 of its levels.

You collected 71 gold pieces.

Inventory:

Hand Weapons
 a - a +0 mace
 k - a +4 heavy club (weapon)
Missiles
 h - a throwing net
Armour
 b - a +0 robe (worn)
 d - an orb of light (worn)
 l - the +2 helmet "Paunutas" {rC- Will++ Dex+4 SInv}
   (You took it off Robin on level 2 of the Dungeon)

   Dex+4:     It affects your dexterity (+4).
   rC-:       It makes you vulnerable to cold.
   Will++:    It greatly increases your willpower.
   SInv:      It lets you see invisible.
Jewellery
 i - an amulet of faith (around neck)
 m - an amulet of magic regeneration
 n - an amulet of guardian spirit
Scrolls
 f - 2 scrolls of silence {unknown}
 j - a scroll of fog {unknown}
Potions
 c - 2 potions of ambrosia
 e - a potion of heal wounds {unknown}
 g - a potion of haste {unknown}
 o - a potion of attraction {unknown}


   Skills:
 + Level 3.8 Fighting
 + Level 3.5 Maces & Flails
 + Level 1.8 Armour
 + Level 3.5 Dodging


You had 4 spell levels left.
You didn't know any spells.
Your spell library contained the following spells:

 Spells                   Type           Power      Damage    Failure   Level
 Poisonous Vapours        Pois/Air       0%         N/A       47%         2
 Mephitic Cloud           Conj/Pois/Air  0%         N/A       71%         3
 Freezing Cloud           Conj/Ice/Air   0%         6-21      100%        5


Dungeon Overview and Level Annotations

Branches:
Dungeon (2/15)

Altars:

Annotations:
D:2 Crazy Yiuf


Innate Abilities, Weirdness & Mutations

You have a pair of small antennae on your head.
You are partially covered in sharp spines.
You are partially covered in razor-sharp scales. (AC +1, Slay +1)


Message History

Jessica is nearby!
You sock Jessica!
You kill Jessica!
You have reached level 5!
Found a stone staircase leading up.
No target in view!
You see here a hobgoblin corpse.
You see here an adder corpse.
There is an open door here.
There is an open door here.
There is an open door, spattered with blood here.
Items here: ))))) [.
You see here a +0 club.
Items here: )))).
You see here a +0 dagger.
You see here a +0 dagger.
There is an open door here.
Crazy Yiuf shouts!
Crazy Yiuf says, "Nubble sow Orb Guardian!"
No reachable target in view!
Could not explore, unopened runed door.
No reachable target in view!
Could not explore, unopened runed door.
No reachable target in view!
Could not explore, unopened runed door.
You open the door.
Crazy Yiuf whimpers, "Dawk Orb Guardian down!"
You hit Crazy Yiuf.
Crazy Yiuf is moderately wounded.
Crazy Yiuf hits you with a +2 quarterstaff of chaos! x2
Crazy Yiuf freezes you.
You hit Crazy Yiuf.
Crazy Yiuf is heavily wounded.
Crazy Yiuf hits you with a +2 quarterstaff of chaos!
* * * LOW HITPOINT WARNING * * *
You feel protected.
You completely miss Crazy Yiuf.
Crazy Yiuf is heavily wounded.
Crazy Yiuf hits you with a +2 quarterstaff of chaos!
You die...

####..####..#
##... #....#
#..# ####
♣PPP.♣ #..#
#.. ♣♣.P.♣
#..# #.)
♣♣.♣♣ #..#
#.. ♣♣.♣ ####
#.. ♣.♣♣ #..
♣♣.♣ #.. ♣@♣♣
### #g# ...
#...# #)..#
#####


You could see Crazy Yiuf.

Vanquished Creatures
  Jessica (D:2)
  Terence (D:2)
  Robin (D:2)
  3 adders (D:2)
  3 worms (D:2)
  A dart slug (D:1)
  An endoplasm (D:1)
  A giant cockroach (D:2)
  7 hobgoblins
  6 kobolds
  A quokka (D:1)
  A ball python (D:2)
  A frilled lizard (D:1)
  13 goblins (D:2)
  2 rats (D:2)
43 creatures vanquished.

Notes
Turn   | Place    | Note
-------+----------+-------------------------------------------
     0 | D:1      | innerfire43 the Demonspawn Monk began the quest for the
                  | Orb.
     0 | D:1      | Reached XP level 1. HP: 18/18 MP: 1/1
   117 | D:1      | Found a faded altar of an unknown god.
   146 | D:1      | You fall into a shaft and drop 1 floor!
   256 | D:1      | Gained mutation: You are partially covered in sharp spines.
                  | [demonic ancestry]
   256 | D:1      | Reached XP level 2. HP: 9/24 MP: 2/2
   676 | D:2      | Noticed Terence
   684 | D:2      | Killed Terence
   685 | D:2      | Reached skill level 1 in Armour
   685 | D:2      | Gained mutation: You have a pair of small antennae on your
                  | head. [demonic ancestry]
   685 | D:2      | Reached XP level 3. HP: 29/29 MP: 3/3
   821 | D:2      | Identified the +2 helmet "Paunutas" {rC- Will++ Dex+4 SInv}
   821 | D:2      | Noticed Robin
   834 | D:2      | Gained mutation: You are partially covered in razor-sharp
                  | scales. (AC +1, Slay +1) [demonic ancestry]
   834 | D:2      | Reached XP level 4. HP: 28/35 MP: 4/4
   842 | D:2      | Killed Robin
  1100 | D:2      | Found a runed translucent door.
  1101 | D:2      | Noticed Crazy Yiuf
  1250 | D:2      | Noticed Jessica
  1253 | D:2      | Killed Jessica
  1254 | D:2      | Reached XP level 5. HP: 41/42 MP: 5/5
  1349 | D:2      | Slain by Crazy Yiuf

Illustrated notes

Levels and vault maps discovered:
D:1:      nzn_arrival_settlement, layout_rooms,
          shapermc_ecumenical_altar_starsandcircs
D:2:      layout_basic, feat_on_display, uniq_jessica, uniq_robin,
          uniq_crazy_yiuf_cottage, uniq_terence

Skill      XL: |  1  2 |
---------------+-------+-----
Maces & Flails | 3 |  3.5
Armour         | 1 |  1.8
Dodging        | 3 |  3.5
Fighting       | |  3.8

Action                     |  1- 3 |  4- 6 || total
---------------------------+-------+-------++-------
  Melee: Mace              |    59 |    18 ||    77
         Club              |       |    14 ||    14
    Use: Scroll            |       |     1 ||     1
 Armour: Robe              |     9 |     1 ||    10
  Dodge: Dodged            |    37 |    15 ||    52

Table legend: (Time is in decaauts)
 A = Elapsed time spent in this place.
 B = Non-inter-level travel time spent in this place.
 C = Inter-level travel time spent in this place.
 D = Time resting spent in this place.
 E = Time spent auto-exploring this place.
 F = Levels seen in this place.
 G = Mean time per level.
                   A        B        C        D        E       F      G
               +--------+--------+--------+--------+--------+-----+--------+
         Total |   1374 |   1293 |     81 |      0 |   1047 |   2 |  687.0 |
       Dungeon |   1374 |   1293 |     81 |      0 |   1047 |   2 |  687.0 |
               +--------+--------+--------+--------+--------+-----+--------+

Top non-repeatable levels by time:
     D:2: 782 daAuts
     D:1: 592 daAuts
